 Dungeon Crawl Stone Soup version 0.29-a0-819-g94b489e0ae (webtiles) character file.

Game seed: 15980625271621491237

1823 Turgor the Ruffian (level 8, -1/79 HPs)
             Began as a Troll Chaos Knight on July 6, 2022.
             Was a Plaything of Xom.
             Slain by an orc
             ... wielding a +0 morningstar
              (8 damage)
             ... on level 9 of the Dungeon.
             The game lasted 00:26:36 (5078 turns).

Turgor the Ruffian (Troll Chaos Knight)             Turns: 5078, Time: 00:26:37

Health: -1/79      AC:  5    Str: 19      XL:     8   Next: 85%
Magic:  7/7        EV: 10    Int:  8      God:    Xom [......]
Gold:   358        SH:  0    Dex:  8 (9)  Spells: 7/7 levels left

rFire   . . .      SeeInvis .     - Unarmed
rCold   . . .      Faith    .   (no shield)
rNeg    + . .      Spirit   .   a - +2 robe
rPois   .          Reflect  .   (helmet restricted)
rElec   .          Harm     .   w - scarf {shadows}
rCorr   .          Rampage  .   (gloves unavailable)
Will    .....                   (boots unavailable)
Stlth   +.........              (no amulet)
HPRegen 1.03/turn               g - ring of positive energy
MPRegen 0.10/turn               (no ring)

@: mighty, on berserk cooldown, slowed, very slow
A: large, unfitting armour, claws 3, regeneration 1, shaggy fur 1, tough skin 1,
deformed body, dopey 1, screaming 1, weak 1
a: Renounce Religion


You were on level 9 of the Dungeon.
You worshipped Xom.
You were a very special plaything of Xom.
You visited 2 branches of the dungeon, and saw 8 of its levels.

You collected 358 gold pieces.

Inventory:

Missiles
 h - 48 stones
 j - 2 datura-tipped darts
 r - 14 poisoned darts
 s - 3 curare-tipped darts
 G - 3 atropa-tipped darts
Armour
 a - a +2 robe (worn)
 w - a scarf of shadows (worn)
 y - an orb of mayhem
 z - a +0 cloak
Jewellery
 g - a ring of positive energy (left claw)
 x - a ring of magical power
Wands
 f - a wand of polymorph (6)
 C - a wand of mindburst (30)
 D - a wand of paralysis (16)
Scrolls
 d - a scroll of amnesia {unknown}
 e - 2 scrolls of immolation {unknown}
 m - a scroll of magic mapping {unknown}
 t - a scroll of summoning {unknown}
 v - a scroll of poison {unknown}
 A - 2 scrolls of enchant weapon {unknown}
 B - 3 scrolls of teleportation {unknown}
 E - a scroll of blinking {unknown}
Potions
 c - a potion of might
 k - a potion of resistance {unknown}
 l - 2 potions of curing
 o - 2 potions of flight {unknown}
 p - 2 potions of brilliance {unknown}
 q - a potion of attraction {unknown}
 u - 3 potions of lignification {unknown}
 F - a potion of mutation
Miscellaneous
 b - a piece from Xom's chessboard (15/15) (quivered)


   Skills:
 + Level 4.6 Fighting
 + Level 3.9 Throwing
 + Level 3.6 Armour
 + Level 4.2 Dodging
 * Level 7.3 Unarmed Combat


You had 7 spell levels left.
You didn't know any spells.
Your spell library contained the following spells:

 Spells                   Type           Power      Damage    Failure   Level
 Magic Dart               Conj           0%         1d3       41%         1
 Sting                    Tmut/Pois      0%         1d3       41%         1
 Searing Ray              Conj           0%         2d4       54%         2
 Gell's Gravitas          Tloc           0%         N/A       78%         3
 Lesser Beckoning         Tloc           0%         N/A       78%         3
 Teleport Other           Tloc           0%         N/A       78%         3
 Fulminant Prism          Conj/Hex       0%         3d6       99%         4
 Petrify                  Tmut/Erth      0%         N/A       99%         4
 Lee's Rapid Deconstruct  Erth           0%         3d5*      100%        5


Dungeon Overview and Level Annotations

Branches:
Dungeon (6/15)             Temple (1/1) D:4

Altars:
Ashenzari
Makhleb
Okawaru
Ru
Sif Muna
Yredelemnul
Zin

Annotations:
D:3 3 runed translucent doors


Innate Abilities, Weirdness & Mutations

You are too large for most types of armour.
You have claws for hands.
Your natural rate of healing is unusually fast.
You are covered in fur. (AC +1)
You have tough skin. (AC +1)
Armour fits poorly on your strangely shaped body.
You are dopey. (Int -2)
You occasionally shout uncontrollably at your foes.
You are weak. (Str -2)


Message History

You barely miss the orc priest. You claw the orc priest!
The orc priest is almost dead.
The kobold hits you but does no damage.
The orc priest hits you with a +0 trident!
The orc priest looks braver for a moment.
You claw the orc priest!
You kill the orc priest!
You mangle the kobold!!
You kill the kobold!
You claw the orc priest!
The orc priest is heavily wounded.
The orc priest hits you with a +0 club. The orc barely misses you.
You claw the orc priest!
You kill the orc priest!
You closely miss the orc. Your claw misses the orc.
The orc completely misses you.
You closely miss the orc.
You are no longer berserk.
You are exhausted.
You feel yourself slow down. The orc hits you with a +0 morningstar!
The orc warrior hits you with a +0 long sword!
* * * LOW HITPOINT WARNING * * *
You feel better. "This might be better!"
The orc seems to speed up.
The orc closely misses you. The orc warrior closely misses you.
The orc hits you but does no damage.
You feel very mighty all of a sudden. The orc closely misses you.
The orc warrior hits you with a +0 long sword!
* * * LOW HITPOINT WARNING * * *
The orc barely misses you.
The orc warrior hits you with a +0 long sword!
* * * LOW HITPOINT WARNING * * *
You barely miss the orc warrior.
Xom's power touches on you for a moment.
You feel clumsy. The orc misses you. The orc hits you with a +0 morningstar!
You die...
Xom bursts into laughter!

#K......._8_. #............
#............
###########............
..........)............
..........).y......####
#######..##########....
#################o.##########.≈≈≈
................@o..........# ..≈
###################.........# ≈.
#..######## #..#
###########..#####
..................
##################


You could see an orc warrior and an orc (fast).

Vanquished Creatures
  An acid dragon (D:9)
  A water moccasin (D:6)
  A sky beast (D:6)
  A wolf (D:5)
  The ghost of mattj7820 the Trooper, an amateur DsFi (D:3)
  A centaur (D:9)
  A kobold brigand (D:9)
  A phantom (D:6)
  A bullfrog (D:9)
  A scorpion (D:6)
  2 killer bees (D:9)
  4 howler monkeys
  A jelly (D:4)
  A gnoll bouda (D:6)
  2 orc priests (D:9)
  7 hounds
  Jessica (D:2)
  4 iguanas
  A hound zombie (D:3)
  Robin (D:2)
  11 gnolls
  6 adders
  2 worms (D:2)
  A dart slug (D:2)
  6 orcs
  3 ball pythons
  5 endoplasms
  A giant cockroach (D:2)
  10 goblins
  11 hobgoblins
  4 jackals (D:2)
  5 kobolds
  A quokka (D:2)
  10 bats
  5 frilled lizards
  3 rats
118 creatures vanquished.

Vanquished Creatures (collateral kills)
  A jelly (D:5)
1 creature vanquished.

Vanquished Creatures (others)
  A jelly (D:5)
  A hound zombie (D:3)
  4 toadstools (D:1)
6 creatures vanquished.

Grand Total: 125 creatures vanquished

Notes
Turn   | Place    | Note
-------+----------+-------------------------------------------
     0 | D:1      | Turgor the Troll Chaos Knight began the quest for the Orb.
     0 | D:1      | Reached XP level 1. HP: 22/22 MP: 0/0
   207 | D:1      | Reached XP level 2. HP: 29/29 MP: 1/1
   308 | D:1      | XOM: silly message
   311 | D:1      | XOM: silly message
   322 | D:1      | XOM: divination: detect items
   651 | D:1      | XOM is BORED!
   651 | D:1      | XOM: give mutation
   651 | D:1      | Gained mutation: You have an increased reservoir of magic.
                  | (+10% MP) [Xom's mischief]
   904 | D:2      | XOM: 2-stop teleportation journey
  1056 | D:2      | Reached XP level 3. HP: 36/36 MP: 2/2
  1114 | D:2      | Found a faded altar of an unknown god.
  1115 | D:2      | Noticed Jessica
  1124 | D:2      | Killed Jessica
  1125 | D:2      | Reached skill level 1 in Armour
  1234 | D:2      | XOM: 7-stop teleportation journey
  1238 | D:2      | Noticed Robin
  1252 | D:2      | Reached XP level 4. HP: 44/44 MP: 3/3
  1271 | D:2      | Reached skill level 1 in Throwing
  1285 | D:2      | Killed Robin
  1500 | D:2      | Reached skill level 4 in Unarmed Combat
  1931 | D:3      | Found a runed translucent gate.
  1931 | D:3      | Found a runed translucent gate.
  1931 | D:3      | Found a runed translucent gate.
  1931 | D:3      | Noticed mattj7820's ghost (amateur DsFi)
  1937 | D:3      | XOM: divine lightning
  1938 | D:3      | Found a basalt altar of Yredelemnul.
  1951 | D:3      | XOM: scenery: 3 doors open
  1956 | D:3      | Reached XP level 5. HP: 40/52 MP: 4/4
  1960 | D:3      | XOM: confusion
  1964 | D:3      | Lost mutation: You have an increased reservoir of magic.
                  | (+10% MP) [potion of mutation]
  1964 | D:3      | Gained mutation: You are dopey. (Int -2) [potion of
                  | mutation]
  1964 | D:3      | Gained mutation: Armour fits poorly on your strangely
                  | shaped body. [potion of mutation]
  1964 | D:3      | Gained mutation: Your spells are a little easier to cast,
                  | but a little less powerful. [potion of mutation]
  1968 | D:3      | Killed mattj7820's ghost
  2494 | D:4      | XOM: torment (28/53 hp)
  2497 | D:4      | Reached XP level 6. HP: 30/61 MP: 5/5
  2526 | D:4      | XOM: summons 3 hostile demons
  2618 | D:4      | XOM: 3-stop teleportation journey
  3071 | D:4      | Found a staircase to the Ecumenical Temple.
  3079 | Temple   | Entered the Ecumenical Temple
  3249 | D:4      | XOM: summons 4 hostile demons
  3250 | D:4      | Noticed an ice devil
  3482 | D:5      | Entered Level 5 of the Dungeon
  3569 | D:5      | Reached skill level 5 in Unarmed Combat
  3669 | D:5      | Paralysed by a gnoll for 2 turns
  3747 | D:5      | XOM: give mutations
  3747 | D:5      | Gained mutation: You have very sharp teeth. [Xom's
                  | mischief]
  3747 | D:5      | Gained mutation: You occasionally shout uncontrollably at
                  | your foes. [Xom's mischief]
  3808 | D:5      | Reached XP level 7. HP: 64/67 MP: 6/6
  3833 | D:5      | Got the Parchment of the Tired Mystics
  3952 | D:5      | XOM: give mutations
  3952 | D:5      | Gained mutation: You are weak. (Str -2) [Xom's mischief]
  3952 | D:5      | Gained mutation: You are very weak. (Str -4) [Xom's
                  | mischief]
  4031 | D:5      | Found a shimmering blue altar of Sif Muna.
  4085 | D:5      | Found a glowing silver altar of Zin.
  4126 | D:5      | XOM: summons 2 hostile shadow creatures
  4225 | D:6      | XOM: polymorph orc priest -> wolf
  4404 | D:6      | XOM: chaos cloud
  4418 | D:6      | Reached skill level 6 in Unarmed Combat
  4424 | D:6      | XOM: smoke on damage
  4465 | D:6      | Reached XP level 8. HP: 78/78 MP: 7/7
  4862 | D:6      | XOM: give mutations
  4862 | D:6      | Gained mutation: You are partially covered in iridescent
                  | scales. (AC +2) [Xom's mischief]
  4862 | D:6      | Lost mutation: Your spells are a little easier to cast, but
                  | a little less powerful. [Xom's mischief]
  4906 | D:6      | You fall into a shaft and drop 3 floors!
  4950 | D:9      | Found an iron altar of Okawaru.
  4952 | D:9      | Found a burning altar of Makhleb.
  4968 | D:9      | XOM: noise
  4975 | D:9      | XOM: give mutations
  4975 | D:9      | Lost mutation: You are very weak. (Str -4) [Xom's mischief]
  4975 | D:9      | Lost mutation: You have very sharp teeth. [Xom's mischief]
  4975 | D:9      | Lost mutation: You are partially covered in iridescent
                  | scales. (AC +2) [Xom's mischief]
  5049 | D:9      | Reached skill level 7 in Unarmed Combat
  5054 | D:9      | XOM: polymorph killer bee -> acid dragon
  5076 | D:9      | XOM: enchant monster (bad)
  5078 | D:9      | XOM: stat loss: -1 Dex (8/9)
  5078 | D:9      | Slain by an orc

Illustrated notes

Levels and vault maps discovered:
D:1:      ldierk_walled_garden_2, layout_loops_ring, serial_aquarium,
          aquarium_bridge_square [aquarium_subvault_balcony,
          aquarium_subvault_bridge, aquarium_subvault_wall,
          aquarium_subvault_bridge], aquarium_window_1,
          aquarium_window_corridor_1, aquarium_view_2c, aquarium_view_4,
          aquarium_balcony_double_4
D:2:      layout_basic, hellmonk_ecumenical_altar_crossroads, uniq_jessica,
          uniq_robin
D:3:      layout_loops_ring, nicolae_yredelemnul_ghost_church
D:4:      layout_basic, lemuel_temple_firewalk_a, minmay_misc_feat_nine_boxes,
          minmay_misc_feat_rows
D:5:      layout_basic, nicolae_sif_muna_condensation, marbit_many_paths,
          lemuel_flame_loot_1
D:6:      layout_loops_ring, nicolae_benzene_ring
D:9:      layout_long_grid, mainiacjoe_overflow_paths, grunt_dithmenos_smoke,
          chequers_temple_overflow_statue_of_worship
Temple:   nicolae_temple_hex_pool

Skill      XL: |  1  2  3  4  5  6  7  8 |
---------------+-------------------------+-----
Dodging        | 2 3 4 |  4.2
Armour         | 1 2 3 |  3.6
Throwing       | 1 2 3 |  3.9
Unarmed Combat | 4 5 6 7 |  7.3
Fighting       | 3 4 |  4.6

Action                   |  1- 3 |  4- 6 |  7- 9 || total
-------------------------+-------+-------+-------++-------
Melee: Unarmed           |    97 |   214 |   163 ||   474
       Punch             |     1 |     3 |     6 ||    10
       Bite              |       |     3 |    12 ||    15
Evoke: Piece from Xom's  |     6 |     1 |       ||     7
       Wand              |       |       |     1 ||     1
  Use: Scroll            |       |     3 |     1 ||     4
       Potion            |       |     3 |     4 ||     7
 Stab: Petrifying        |     1 |       |       ||     1
       Petrified         |     1 |       |       ||     1
Armor: Robe              |    47 |    97 |    44 ||   188
Dodge: Dodged            |    48 |   110 |    82 ||   240

Table legend: (Time is in decaauts)
 A = Elapsed time spent in this place.
 B = Non-inter-level travel time spent in this place.
 C = Inter-level travel time spent in this place.
 D = Time resting spent in this place.
 E = Time spent auto-exploring this place.
 F = Levels seen in this place.
 G = Mean time per level.
                   A        B        C        D        E       F      G
               +--------+--------+--------+--------+--------+-----+--------+
         Total |   5035 |   4743 |    292 |     10 |   3689 |   8 |  629.4 |
       Dungeon |   5033 |   4741 |    292 |     10 |   3689 |   7 |  719.0 |
        Temple |      1 |      1 |      0 |      0 |      0 |   1 |    1.0 |
               +--------+--------+--------+--------+--------+-----+--------+

Top non-repeatable levels by time:
     D:2: 1052 daAuts
     D:4: 1030 daAuts
     D:5: 789 daAuts
     D:1: 783 daAuts
     D:6: 618 daAuts
     D:3: 598 daAuts
     D:9: 160 daAuts
  Temple: 1 daAuts
